 Dungeon Crawl Stone Soup version 0.30-a0-726-gd89dcf765f (webtiles) character file.

Game seed: 13022721123663543088

16 Legacy the Trooper (level 2, 28/28 HPs)
             Began as a Minotaur Berserker on Jan 29, 2023.
             Was a Follower of Trog.
             Quit the game on level 1 of the Dungeon.
             The game lasted 00:01:47 (393 turns).

Legacy the Trooper (Minotaur Berserker)              Turns: 393, Time: 00:01:47

Health: 28/28      AC:  2    Str: 21    XL:     2   Next: 41%
Magic:  1/1        EV: 12    Int:  4    God:    Trog [*.....]
Gold:   25         SH:  0    Dex:  9    Spells: 1/1 levels left

rFire   . . .      SeeInvis .    a - +0 hand axe
rCold   . . .      Faith    .    (no shield)
rNeg    . . .      Spirit   .    b - +0 animal skin
rPois   .          Reflect  .    (helmet restricted)
rElec   .          Harm     .    (no cloak)
rCorr   .          Rampage  .    (no gloves)
Will    .....                    (no boots)
Stlth   +                        (no amulet)
HPRegen 0.24/turn                (no ring)
MPRegen 0.07/turn                (no ring)

@: no status effects
A: horns 2, retaliatory headbutt
a: Renounce Religion, Berserk


You were on level 1 of the Dungeon.
You worshipped Trog.
Trog was aware of your devotion.
You visited 1 branch of the dungeon, and saw 1 of its levels.

You collected 25 gold pieces.

Inventory:

Hand Weapons
 a - a +0 hand axe (weapon)
Armour
 b - a +0 animal skin (worn)
Jewellery
 h - a ring of ice
Scrolls
 c - a scroll of enchant weapon {unknown}
 d - 4 scrolls of identify {unknown}
 f - a scroll of vulnerability {unknown}
 g - a scroll of blinking {unknown}
Potions
 e - 2 potions of resistance {unknown}


   Skills:
 + Level 4.7 Fighting
 - Level 3.6 Axes
 - Level 2.4 Armour
 - Level 2.1 Dodging


You had one spell level left.
You didn't know any spells.
Your spell library was empty.

Dungeon Overview and Level Annotations

Branches:
Dungeon (1/15)

Altars:


Innate Abilities, Weirdness & Mutations

You have a pair of horns on your head.
You reflexively headbutt those who attack you in melee.


Message History

You kill the quokka!
Trog accepts your kill.
You now have 21 gold pieces (gained 9).
You now have 25 gold pieces (gained 4).
A kobold comes into view. It is wielding a +0 dagger.
The kobold shouts!
The kobold hits you with a +0 dagger.
You closely miss the kobold. The kobold hits you with a +0 dagger.
You completely miss the kobold. The kobold hits you but does no damage.
You hit the kobold but do no damage. The kobold barely misses you.
You hit the kobold.
You kill the kobold!
Trog accepts your kill.
Things that are here:
a +0 dagger; 2 stones; a kobold corpse You see here 3 stones.
You slash the plant!
The plant begins to die.
The plant is lightly damaged.
You completely miss the plant. You slash the plant!
The plant is lightly damaged.
You hit the plant but do no damage. You hit the plant.
The plant begins to die.
The plant is lightly damaged.
You hit the plant.
A nearby plant withers and dies.
You hit the plant.
The plant is lightly damaged.
You hit the plant.
The plant is lightly damaged.
You hit the plant.
The plant is lightly damaged.
A nearby plant withers and dies.
You enter the shallow water.
Moving in this stuff is going to be slow.
You see here 3 stones.
There is an escape hatch in the floor here.
Welcome back, Legacy the Minotaur Berserker.
Trog says: Kill them all!
Press ? for a list of commands and other information.
Are you sure you want to abandon this character and quit the game? (Confirm with "yes".)

#.#....#.#...####......#...#..
#.#......#...# ##....##.###.8
###............#####....##.#....
#.....#.......†............+.8.<
#(###>.........†..##.####..#....
#.# ####..........##.# #..###.8
#.# #.............# #....#.. #.#
#.........>#### #....### ##.#
#.......@..# ##....... ...#
####......)#### #.......# ..##
#.........)...# #.......# ..#
#.............# #.......# ..#
#.............# #..)....# ..#
#.............# #.......# ..#
#.............# #.......# ###
#.............####........
#.........................


There were no monsters in sight!

Vanquished Creatures
  2 bats (D:1)
  An endoplasm (D:1)
  2 goblins (D:1)
  2 hobgoblins (D:1)
  2 kobolds (D:1)
  A quokka (D:1)
  2 ball pythons (D:1)
  A rat (D:1)
13 creatures vanquished.

Vanquished Creatures (others)
  2 plants (D:1)
2 creatures vanquished.

Grand Total: 15 creatures vanquished

Notes
Turn   | Place    | Note
-------+----------+-------------------------------------------
     0 | D:1      | Legacy the Minotaur Berserker began the quest for the Orb.
     0 | D:1      | Reached XP level 1. HP: 19/19 MP: 0/0
    68 | D:1      | Reached skill level 4 in Fighting
   126 | D:1      | Reached XP level 2. HP: 21/28 MP: 1/1
   393 | D:1      | Quit the game

Illustrated notes

Levels and vault maps discovered:
D:1:      dpeg_arrival_simpleton_c, layout_basic,
          dreamdust_ecumenical_altar_angels_and_demons, serial_bayou,
          serial_bayou_pond_e, serial_bayou_shore_b, serial_bayou_ford_a,
          serial_bayou_pond_d, amcnicky_mini_rare_corridor_liquid

Skill      XL: |  1 |
---------------+----+-----
Fighting       | 4 |  4.7
Axes           | |  3.6
Armour         | |  2.4
Dodging        | |  2.1

Action                     || total
---------------------------++-------
  Melee: Hand axe          ||    23
 Armour: Animal skin       ||     6
  Dodge: Dodged            ||    19

Table legend: (Time is in decaauts)
 A = Elapsed time spent in this place.
 B = Non-inter-level travel time spent in this place.
 C = Inter-level travel time spent in this place.
 D = Time resting spent in this place.
 E = Time spent auto-exploring this place.
 F = Levels seen in this place.
 G = Mean time per level.
                   A        B        C        D        E       F      G
               +--------+--------+--------+--------+--------+-----+--------+
         Total |    397 |    378 |     19 |      0 |      0 |   1 |  397.0 |
       Dungeon |    397 |    378 |     19 |      0 |      0 |   1 |  397.0 |
               +--------+--------+--------+--------+--------+-----+--------+

Top non-repeatable levels by time:
     D:1: 397 daAuts
